 Dungeon Crawl Stone Soup version 0.30-a0-118-ga018f8e90f (webtiles) character file.

Game seed: 15707938872705485031

1753 spaghetti the Grappler (level 9, -3/52 HPs)
             Began as a Tengu Fighter on Sept 14, 2022.
             Was a Priest of Wu Jian.
             Succumbed to a water moccasin's poison
             ... on level 7 of the Dungeon.
             The game lasted 00:13:28 (6861 turns).

spaghetti the Grappler (Tengu Fighter)              Turns: 6861, Time: 00:13:28

Health: -3/52      AC:  6    Str: 16    XL:     9   Next: 6%
Magic:  10/10      EV: 10    Int: 14    God:    Wu Jian [***...]
Gold:   285        SH:  4    Dex: 13    Spells: 8/8 levels left

rFire   . . .      SeeInvis .      - Unarmed
rCold   . . .      Faith    .    b - +0 buckler
rNeg    . . .      Spirit   .    a - +0 scale mail
rPois   .          Reflect  .    (helmet restricted)
rElec   .          Harm     .    (no cloak)
rCorr   .          Rampage  .    (no gloves)
Will    .....                    (boots unavailable)
Stlth   ..........               (no amulet)
HPRegen 0.17/turn                (no ring)
MPRegen 0.12/turn                (no ring)

@: lethally poisoned (-3 -> -19), attractive, flying quickly and evasively,
studying Staves, quick
A: beak, talons 3, nimble flight
a: Renounce Religion, Wall Jump, Serpent's Lash


You were on level 7 of the Dungeon.
You worshipped Wu Jian.
Wu Jian was most pleased with you.
You visited 1 branch of the dungeon, and saw 7 of its levels.
You also visited: Sewer.

You collected 285 gold pieces.


Innate Abilities, Weirdness & Mutations

You have a beak for a mouth.
You have claws for feet.
Your magical nature lets you fly swiftly and evasively.


   Skills:
 + Level 3.6 Fighting
 + Level 3.5 Armour
 + Level 0.0 Dodging
 - Level 3.2 Shields
 * Level 12.1 Unarmed Combat


You had 8 spell levels left.
You didn't know any spells.
Your spell library contained the following spells:

 Spells                   Type           Power      Damage    Failure   Level
 Sublimation of Blood     Necr           0%         N/A       90%         2
 Petrify                  Tmut/Erth      0%         N/A       100%        4
 Fireball                 Conj/Fire      0%         3d3       100%        5
 Irradiate                Conj/Tmut      0%         3d11      100%        5
 Starburst                Conj/Fire      0%         6d3       100%        6
 Ignition                 Fire           0%         3d3       100%        8

Inventory:

Hand Weapons
 c - a +0 dagger {short}
   (You took it off a kobold on level 1 of the Dungeon)
 g - a +0 club {mace}
   (You took it off a goblin on level 1 of the Dungeon)
Missiles
 e - 105 stones (quivered) {throwing}
 i - 6 boomerangs {throwing}
 m - 22 poisoned darts {throwing}
 D - 6 atropa-tipped darts {throwing}
Armour
 a - a +0 scale mail (worn)
 b - a +0 buckler (worn)
Wands
 v - a wand of polymorph (12)
   (You took it off Robin on level 3 of the Dungeon)
 y - a wand of charming (6)
   (You found it on level 3 of the Dungeon)
 A - a wand of flame (40)
   (You found it on level 4 of the Dungeon)
 B - a wand of acid (11)
   (You took it off Ijyb on level 4 of the Dungeon)
Scrolls
 d - a scroll of silence {!r}
 h - 6 scrolls of teleportation {@r4}
 j - 4 scrolls of vulnerability {!r!r}
 k - a scroll of enchant weapon
 l - a scroll of magic mapping {!r}
 o - a scroll of acquirement
 r - 2 scrolls of noise {!r}
 s - 2 scrolls of blinking {unknown}
 x - a scroll of enchant armour
 z - a scroll of fear
 C - a scroll of fog
 E - a scroll of brand weapon {unknown}
 F - 2 scrolls of poison {!r}
Potions
 f - 2 potions of mutation {unknown}
 n - a potion of magic
 p - 2 potions of might
 q - 2 potions of attraction {!q}
 t - a potion of heal wounds {unknown}
 u - 2 potions of curing {unknown}
 w - a potion of degeneration {unknown}

Dungeon Overview and Level Annotations

Branches:
Dungeon (7/15) Zot: 26654   Sewer (visited)
 Temple: D:4-7

Altars:
Okawaru
Wu Jian

Shops:
D:4

: # #. #.### #.# ...# #.#
#######.### #.#
##.................# #.#
#..........!.......#####.#
#..............S@..'...#.#
..........#........##....###
...................##......#
...........##########.####.#
..#...................#....#
...........############.#####..
.##.#......#....#######........
.#.........#....##.............
...........#....##.############


You could see a water moccasin.


Message History

You are too injured to fight recklessly!
You are too injured to fight recklessly!
You are too injured to fight recklessly!
You are too injured to fight recklessly!
You are too injured to fight recklessly!
You are too injured to fight recklessly!
You are too injured to fight recklessly!
You are too injured to fight recklessly!
You are too injured to fight recklessly!
You are too injured to fight recklessly!
You are too injured to fight recklessly!
You are too injured to fight recklessly!
You are too injured to fight recklessly!
You are too injured to fight recklessly!
You are too injured to fight recklessly!
Unknown command.
You hit the water moccasin. Your kick misses the water moccasin.
You block the water moccasin's attack.
You miss the water moccasin. Your kick misses the water moccasin.
The water moccasin bites you.
You are poisoned.
The water moccasin poisons you! 😕 HP[-1]
You take 1 damage, and now have 47/52 hp.
You barely miss the water moccasin. Your kick misses the water moccasin.
You feel very sick.
The water moccasin closely misses you. 😕 HP[-3]
You take 3 damage, and now have 44/52 hp.
You barely miss the water moccasin.
You feel very sick.
The water moccasin bites you but does no damage.
The water moccasin barely misses you. 😕 HP[-3]
You take 3 damage, and now have 41/52 hp.
You barely miss the water moccasin.
You feel sick.
You block the water moccasin's attack. 😮 HP[-2]
You take 2 damage, and now have 39/52 hp.
You closely miss the water moccasin. You claw the water moccasin.
You peck the water moccasin.
You feel sick. The water moccasin bites you!
You are more poisoned.
The water moccasin poisons you! 😮 HP[-10]
You take 10 damage, and now have 29/52 hp.
Unknown command.
You miss the water moccasin. You claw the water moccasin.
You peck the water moccasin.
You feel very sick.
The water moccasin bites you but does no damage. 😨 HP[-3]
You take 3 damage, and now have 26/52 hp.
You completely miss the water moccasin.
You claw the water moccasin, but do no damage.
You feel very sick.
You block the water moccasin's attack. 😨 HP[-4]
You take 4 damage, and now have 22/52 hp.
You barely miss the water moccasin.
You claw the water moccasin, but do no damage.
You feel very sick. The water moccasin misses you.
The water moccasin bites you but does no damage. 😨 HP[-3]
You take 3 damage, and now have 19/52 hp.
You closely miss the water moccasin. Your kick misses the water moccasin.
You feel sick. 😨 HP[-2]
You take 2 damage, and now have 17/52 hp.
You miss the water moccasin.
You feel sick.
The water moccasin bites you but does no damage.
The water moccasin barely misses you. 😨 HP[-2]
You take 2 damage, and now have 15/52 hp.
Unknown command.
Unknown command.
You closely miss the water moccasin.
You feel sick.
The water moccasin bites you but does no damage. 😨 HP[-1]
You take 1 damage, and now have 14/52 hp.
You barely miss the water moccasin. You claw the water moccasin.
You feel sick.
The water moccasin bites you but does no damage. 😱 HP[-2]
You take 2 damage, and now have 12/52 hp.
You miss the water moccasin.
You feel sick. The water moccasin bites you!
* * * LOW HITPOINT WARNING * * *
😱 HP[-8]
You take 8 damage, and now have 4/52 hp.
It was a potion of attraction.
You feel attractive to monsters.
* * * LOW HITPOINT WARNING * * *
You feel sick. The water moccasin misses you. The water moccasin bites you.
* * * LOW HITPOINT WARNING * * *
You are more poisoned.
The water moccasin poisons you! 😱 HP[-3]
You take 3 damage, and now have 1/52 hp.
Okay, then.
It was a potion of magic.
Magic courses through your body.
You die...

Skill      XL: |  1  2  3  4  5  6  7  8 |
---------------+-------------------------+-----
Unarmed Combat | 3 4 5 6 7 9 12 | 12.1
Fighting       | |  3.6
Armour         | |  3.5
Shields        | |  3.2

Action                   |  1- 3 |  4- 6 |  7- 9 || total
-------------------------+-------+-------+-------++-------
Melee: Unarmed           |    89 |   161 |   203 ||   453
       Kick              |    20 |    37 |    53 ||   110
       Peck              |    10 |    21 |    26 ||    57
Throw: Stone             |       |     1 |       ||     1
Invok: Whirlwind         |    12 |    31 |    73 ||   116
       Lunge             |     6 |    17 |     8 ||    31
       Serpent's Lash    |       |       |     1 ||     1
 Abil: Wall Jump         |       |       |     2 ||     2
  Use: Potion            |     1 |       |     2 ||     3
       Scroll            |     3 |     3 |     5 ||    11
Armor: Scale mail        |    44 |    42 |    58 ||   144
Dodge: Dodged            |    24 |    47 |    99 ||   170
Block: Buckler           |    17 |    24 |    27 ||    68

Levels and vault maps discovered:
D:1:      dpeg_arrival_stone_temple_mockup, layout_rooms,
          nicolae_ecumenical_snake_handling
D:2:      minmay_evil_eye, layout_basic
D:3:      layout_loops_cross, cheibrodos_sewer_entry_drain, hex_medium
D:4:      layout_rooms, nicolae_shop_vocational, uniq_sigmund, uniq_ijyb,
          uniq_robin
D:5:      layout_cave_pools, okawaru_altar_gauntlet_db,
          kennysheep_cross_bottleneck, minmay_manual_moon
D:6:      minmay_clustersquares, layout_loops_corners,
          minmay_temple_entry_trees, dk_rats_in_the_wall
D:7:      layout_basic, nicolae_dithmenos_the_darkroom,
          grunt_temple_overflow_order_and_chaos_1, st_stairs_1

Notes
Turn   | Place    | Note
-------+----------+-------------------------------------------
     0 | D:1      | spaghetti the Tengu Fighter began the quest for the Orb.
     0 | D:1      | Reached XP level 1. HP: 14/14 MP: 2/2
     0 | D:1      | magus.rc [v1.9.6]
   262 | D:1      | Reached XP level 2. HP: 18/19 MP: 3/3
   443 | D:1      | Found a faded altar of an unknown god.
   454 | D:1      | Prayed at the altar of an unknown god.
   454 | D:1      | Became a worshipper of the Wu Jian Council
   454 | D:1      | Reached * piety under Wu Jian
   718 | D:2      | Reached skill level 3 in Unarmed Combat
   718 | D:2      | Reached XP level 3. HP: 23/23 MP: 4/4
   809 | D:2      | You pick up a book of Fire and begin reading...
   809 | D:2      | You add the spells Fireball, Starburst and Ignition to your
                  | library.
  1056 | D:2      | Reached skill level 4 in Unarmed Combat
  1056 | D:2      | Reached XP level 4. HP: 27/28 MP: 5/5
  1074 | D:2      | Reached ** piety under Wu Jian
  1271 | D:2      | Reached skill level 5 in Unarmed Combat
  1354 | D:2      | Gained mutation: Your magical nature lets you fly swiftly
                  | and evasively. [Tengu growth]
  1354 | D:2      | Reached XP level 5. HP: 32/32 MP: 6/6
  1738 | D:3      | Found a glowing drain.
  1759 | Sewer    | Entered a sewer
  1895 | Sewer    | Noticed a kobold brigand
  1915 | Sewer    | Killed a kobold brigand
  2116 | Sewer    | Identified a scroll of acquirement
  2126 | Sewer    | Reached skill level 6 in Unarmed Combat
  2196 | Sewer    | Reached XP level 6. HP: 34/37 MP: 7/7
  2608 | D:3      | Reached skill level 7 in Unarmed Combat
  2872 | D:3      | Reached *** piety under Wu Jian
  3407 | D:4      | Reached XP level 7. HP: 37/41 MP: 8/8
  3439 | D:4      | Noticed Robin
  3443 | D:4      | Noticed Sigmund
  3829 | D:3      | Killed Robin
  3899 | D:4      | Killed Sigmund
  3900 | D:4      | Reached skill level 8 in Unarmed Combat
  4012 | D:4      | HP: 10/41 [orc wizard/puff of flame (9)]
  4013 | D:4      | Reached skill level 9 in Unarmed Combat
  4347 | D:4      | Found Jeuwniem's Vocational Training.
  4474 | D:4      | Noticed Ijyb
  4482 | D:4      | Killed Ijyb
  4574 | D:5      | Entered Level 5 of the Dungeon
  4594 | D:5      | You pick up a book of Alchemy and begin reading...
  4594 | D:5      | You add the spells Sublimation of Blood, Petrify and
                  | Irradiate to your library.
  4632 | D:6      | Reached XP level 8. HP: 32/46 MP: 9/9
  4790 | D:6      | HP: 9/41 [wight/+3 mace (4)]
  5098 | D:5      | Reached skill level 10 in Unarmed Combat
  5299 | D:5      | Reached skill level 11 in Unarmed Combat
  5303 | D:5      | HP: 7/46 [steam dragon (9)]
  5691 | D:5      | Reached **** piety under Wu Jian
  6132 | D:5      | Found an iron altar of Okawaru.
  6516 | D:7      | Reached skill level 12 in Unarmed Combat
  6516 | D:7      | Reached XP level 9. HP: 20/51 MP: 10/10
  6858 | D:7      | HP: 12/52 [poisoned by a water moccasin]
  6859 | D:7      | HP: 4/52 [water moccasin (8)]
  6860 | D:7      | HP: 1/52 [water moccasin (2)]
  6861 | D:7      | Succumbed to a water moccasin's poison

Vanquished Creatures
  Sigmund (D:4)
  A steam dragon (D:5)
  An ice beast (D:5)
  A black bear (D:5)
  3 ogres
  2 kobold brigands (Sewer)
  A bullfrog (D:7)
  2 scorpions
  2 necrophages (D:7)
  A killer bee (D:5)
  5 hounds
  An orc priest (D:4)
  Ijyb (D:4)
  An orc wizard (D:4)
  Robin (D:3)
  2 gnolls (D:5)
  13 adders
  A river rat (Sewer)
  An ufetubus (D:5)
  4 worms
  3 dart slugs
  5 orcs
  12 endoplasms
  2 giant cockroaches
  8 goblins
  11 hobgoblins
  A jackal (D:2)
  3 quokkas
  12 ball pythons
  9 bats
  4 frilled lizards
  14 kobolds
  6 rats
135 creatures vanquished.

Vanquished Creatures (others)
  A white imp (D:5)
1 creature vanquished.

Grand Total: 136 creatures vanquished

Table legend:
 A = Non-vault XP
 B = Vault XP
 C = Vault XP percentage of total XP
 D = Non-vault monster count
 E = Vault monster count
 F = Vault count percentage of total count
                 A         B        C        D         E       F
            +---------+---------+-------+---------+---------+-------
      Total |    1524 |     981 |  39.2 |      79 |      57 |  41.9
            +---------+---------+-------+---------+---------+-------
        D:1 |      27 |       2 |   6.9 |      16 |       2 |  11.1
        D:2 |     104 |      33 |  24.1 |      15 |       6 |  28.6
        D:3 |      73 |      36 |  33.0 |      20 |      10 |  33.3
        D:4 |     301 |     289 |  49.0 |      12 |       7 |  36.8
        D:5 |     656 |     340 |  34.1 |      11 |      10 |  47.6
        D:6 |     100 |       0 |   0.0 |       2 |       0 |   0.0
        D:7 |     263 |       0 |   0.0 |       3 |       0 |   0.0
      Sewer |       0 |     281 | 100.0 |       0 |      22 | 100.0
            +---------+---------+-------+---------+---------+-------

Illustrated notes

Table legend:
 A = Kills in this place as a percentage of kills in entire the game.
 B = Kills by you in this place as a percentage of kills by you in the entire game.
 C = Kills by friends in this place as a percentage of kills by friends in the entire game.
 D = Other kills in this place as a percentage of other kills in the entire game.
 E = Experience gained in this place as a percentage of experience gained in the entire game.
 F = Experience gained in this place divided by the number of levels of this place that you have seen.
                   A       B       C       D       E      F
               +-------+-------+-------+-------+-------+----------------------
         Total | 100.0 | 100.0 |   N/A | 100.0 | 100.0 | 313.1
       Dungeon |  83.8 |  83.7 |   N/A | 100.0 |  88.8 | 317.7
         Sewer |  16.2 |  16.3 |   N/A |   0.0 |  11.2 | 281.0
               +-------+-------+-------+-------+-------+----------------------

Table legend: (Time is in decaauts)
 A = Elapsed time spent in this place.
 B = Non-inter-level travel time spent in this place.
 C = Inter-level travel time spent in this place.
 D = Time resting spent in this place.
 E = Time spent auto-exploring this place.
 F = Levels seen in this place.
 G = Mean time per level.
                   A        B        C        D        E       F      G
               +--------+--------+--------+--------+--------+-----+--------+
         Total |   6593 |   6481 |    112 |    986 |   4651 |   8 |  824.1 |
       Dungeon |   5789 |   5677 |    112 |    986 |   3998 |   7 |  827.0 |
         Sewer |    804 |    804 |      0 |      0 |    652 |   1 |  804.0 |
               +--------+--------+--------+--------+--------+-----+--------+

Top non-repeatable levels by time:
     D:3: 1164 daAuts
     D:5: 1139 daAuts
     D:4: 1114 daAuts
     D:2: 1065 daAuts
   Sewer: 804 daAuts
     D:1: 632 daAuts
     D:7: 345 daAuts
     D:6: 326 daAuts
